 Dungeon Crawl Stone Soup version 0.17-a0-1880-gacf7e67 (webtiles) character file.

106 Goresteps the Grave Robber (level 5, -1/35 HPs)
             Began as a Human Necromancer on Sept 21, 2015.
             Slain by a worker ant (4 damage)
             ... on level 3 of the Dungeon.
             The game lasted 00:31:20 (2423 turns).

Goresteps the Grave Robber (Human Necromancer)      Turns: 2423, Time: 00:31:20

Health: -1/35      AC:  3    Str:  8    XL:     5   Next: 10%
Magic:  1/8        EV: 12    Int: 17    God:
Gold:   58         SH:  0    Dex: 13    Spells: 3 memorised, 3 levels left

rFire  . . .     SeeInvis .     e - 3 scrolls of identify
rCold  . . .     Clarity  .     i - +0 leather armour
rNeg   . . .     SustAt   .     (no shield)
rPois  .         Gourm    .     (no helmet)
rElec  .         Spirit   .     (no cloak)
rCorr  .         Warding  .     (no gloves)
rMut   .         Stasis   .     (no boots)
MR     .....                    s - amulet of regeneration
Stlth  ++........               (no ring)
                                (no ring)

@: lethally poisoned (-1 -> -8), not resistant to hostile enchantments,
unstealthy
A: no striking features
a: no special abilities


You were on level 3 of the Dungeon.
You were not hungry.

You visited 1 branch of the dungeon, and saw 4 of its levels.

You collected 58 gold pieces.

Inventory:

Hand weapons
 f - a +0 club
 g - a +0 hunting sling
 u - a cursed -3 club
Missiles
 k - 56 stones (quivered)
 w - 22 arrows
Armour
 a - a +0 robe
 i - a +0 leather armour (worn)
 n - a +0 ring mail
Jewellery
 d - an uncursed ring of protection from cold
 s - an amulet of regeneration (around neck)
Scrolls
 e - 3 scrolls of identify (in hand)
 j - a scroll of teleportation
 o - a scroll of remove curse {unknown}
 p - a scroll of magic mapping {unknown}
 q - 2 scrolls of fog {unknown}
 r - a scroll of amnesia {unknown}
Potions
 l - a potion of resistance {unknown}
 m - a potion of curing {unknown}
 t - a potion of agility {unknown}
 v - a potion of haste {unknown}
Books
 b - a book of Necromancy

   Spells                             Type                      Level
   a - Pain                           Necromancy                   1
   b - Animate Skeleton               Necromancy                   1
   c - Vampiric Draining              Necromancy                   3
   d - Regeneration                   Charms/Necromancy            3
   e - Animate Dead                   Necromancy                   4
   f - Control Undead                 Necromancy                   4
Comestibles
 c - 2 bread rations
 h - 5 fruits
 x - a chunk of flesh


   Skills:
 - Level 0.4 Armour
 - Level 2.1 Dodging
 - Level 2.0 Stealth
 - Level 2.1 Spellcasting
 + Level 5.8 Necromancy


You had 3 spell levels left.
You knew the following spells:

 Your Spells              Type           Power        Failure   Level  Hunger
a - Pain                  Necr           ###.         2%          1    #......
b - Animate Skeleton      Necr           N/A          2%          1    #......
c - Vampiric Draining     Necr           ###.......   10%         3    ###....


Dungeon Overview and Level Annotations

Branches:
Dungeon (4/15)
 Temple: D:4-7

Altars:
Makhleb
Sif Muna

Annotations:
D:3 kae's ghost, average DrTm


Message History

Level annotation: kae's ghost, average DrTm
* * * LOW HITPOINT WARNING * * *
You feel sick.
There is a stone staircase leading down here.
Eat which item? (? for menu, Esc to quit)
You can't eat that!
Read which item? (? for menu, Esc to quit)
Okay, then.
What do you say? t - Shout!
Orders for allies: a - Attack new target. r - Retreat! s - Stop attacking. w - Wait here. f - Follow me.
Anything else - Stay silent.
Follow me!
* * * LOW HITPOINT WARNING * * *
You feel sick.
The worker ant bites you but does no damage.
The worker ant bites you.
You die...

####.#
#....#######
#.##........
###
##.##.#######
#...###...#.#
##. #.#......#
#.#####.......#
#.##.a........#
#.##@##.......#
##.#.#.#.....##
##...###.......
##.## #..#####
###.####..#
#[........#
#.##.###.##
#.##.# #.##.#


You could see a worker ant.

Vanquished Creatures
  6 adders
  An ooze (D:2)
  2 giant geckos (D:2)
  An orc (D:3)
  A ball python (D:2)
  4 giant cockroaches
  8 hobgoblins
  2 kobolds
  6 bats
  5 giant newts
  2 goblins
  7 rats
45 creatures vanquished.

Notes
Turn   | Place    | Note
--------------------------------------------------------------
     0 | D:1      | Goresteps the Human Necromancer began the quest for the Orb.
     0 | D:1      | Reached XP level 1. HP: 13/13 MP: 3/3
   124 | D:1      | Learned a level 1 spell: Animate Skeleton
   356 | D:1      | Reached XP level 2. HP: 16/19 MP: 5/5
   811 | D:2      | Reached XP level 3. HP: 18/24 MP: 4/6
   869 | D:2      | Learned a level 3 spell: Vampiric Draining
  1387 | D:3      | Reached skill level 5 in Necromancy
  1387 | D:3      | Reached XP level 4. HP: 22/30 MP: 1/7
  1712 | D:3      | Found a burning altar of Makhleb.
  1714 | D:3      | Found a deep blue altar of Sif Muna.
  1747 | D:3      | Noticed kae's ghost (average DrTm)
  2406 | D:4      | Reached XP level 5. HP: 33/35 MP: 4/8
  2423 | D:3      | Slain by a worker ant

Vault maps used:
D:1:      dpeg_arrival_central
D:3:      nicolae_overflow_hidden_temple, first_bread
D:4:      okawaru_metal_pillars_1_2, serial_glass, glass_columns_a,
          glass_columns_a, glass_columns_a, glass_columns_b, glass_columns_b,
          glass_columns_c, portal_sewer_entry_b, uniq_blork_the_orc

Action                   |  1- 3 |  4- 6 || total
-------------------------+-------+-------++-------
Melee: Unarmed           |    15 |       ||    15
       Club              |     7 |       ||     7
 Fire: Hunting sling     |    15 |    16 ||    31
Throw: Stone             |       |     3 ||     3
 Cast: Pain              |    37 |    29 ||    66
       Animate Skeleton  |     2 |     4 ||     6
       Vampiric Draining |       |     1 ||     1
  Use: Scroll            |     2 |     1 ||     3
  Eat: Meat ration       |     1 |       ||     1
       Chunk             |       |     1 ||     1
